 Dungeon Crawl Stone Soup version 0.28-a0-851-g8b9cc49659 (webtiles) character file.

Game seed: 3590954589569485119

11531 mandarbmax the Destroyer (level 11, -3/89 HPs)
             Began as a Grey Draconian Fire Elementalist on Nov 14, 2021.
             Was a High Priest of Vehumet.
             Killed themself with a bounced bolt of fire (40 damage)
             ... on level 10 of the Dungeon.
             The game lasted 00:34:30 (11115 turns).

mandarbmax the Destroyer (DrFE)                    Turns: 11115, Time: 00:34:32

Health: -3/89      AC: 18    Str: 12    XL:     11   Next: 50%
Magic:  8/20       EV: 15    Int: 28    God:    Vehumet [*****.]
Gold:   482        SH:  0    Dex: 17    Spells: 3/22 levels left

rFire   x . .      SeeInvis .   z - staff of earth
rCold   + . .      Faith    .   (no shield)
rNeg    . . .      Spirit   .   (armour unavailable)
rPois   .          Reflect  .   (helmet restricted)
rElec   .          Harm     .   m - scarf {shadows}
rCorr   .          Rampage  .   r - +2 pair of gloves
Will    .....                   C - +2 pair of boots
Stlth   ++........              K - amulet of magic regeneration
HPRegen 0.24/turn               j - +6 ring of intelligence
MPRegen 0.42/turn               N - ring "Larghoja" {rF- rC+ Int+4 Dex+6}

@: no status effects
A: AC +12, amphibious, unfitting armour, cold-blooded
a: Renounce Religion


You were on level 10 of the Dungeon.
You worshipped Vehumet.
Vehumet was extremely pleased with you.
You visited 1 branch of the dungeon, and saw 10 of its levels.
You also visited: Ossuary and Bailey.

You collected 577 gold pieces.
You spent 95 gold pieces at shops.

Inventory:

Hand Weapons
 c - a +2 dagger of venom
 u - a +1 dagger of draining
 v - a +3 dagger of speed
Missiles
 R - 2 throwing nets
Armour
 m - a scarf of shadows (worn)
 r - a +2 pair of gloves (worn)
 s - a +2 cloak
 C - a +2 pair of boots (worn)
Magical Staves
 z - a staff of earth (weapon)
Jewellery
 e - a ring of protection from fire
 j - a +6 ring of intelligence (left hand)
 l - a ring of ice
 y - a +6 ring of strength
 A - a ring of ice
 K - an amulet of magic regeneration (around neck)
 N - the ring "Larghoja" (right hand) {rF- rC+ Int+4 Dex+6}
   (You acquired it in a bailey)

   [ring of protection from cold]

   Int:       It affects your intelligence (+4).
   Dex:       It affects your dexterity (+6).
   rF:        It makes you vulnerable to fire.
   rC:        It protects you from cold.
 S - a +6 ring of strength
Wands
 b - a wand of mindburst (32)
 q - a wand of iceblast (12)
 J - a wand of acid (7)
 T - a wand of polymorph (8)
 U - a wand of digging (6)
Scrolls
 g - 2 scrolls of fear
 i - 7 scrolls of teleportation
 k - a scroll of blinking
 n - a scroll of immolation
 t - 2 scrolls of vulnerability
 w - a scroll of holy word
 B - 3 scrolls of amnesia
 E - 2 scrolls of fog
 G - 3 scrolls of enchant weapon
 H - a scroll of silence
 P - 2 scrolls of enchant armour
 Q - a scroll of identify
Potions
 a - 2 potions of resistance
 d - a potion of mutation
 f - 2 potions of attraction {unknown}
 h - 7 potions of curing {unknown}
 o - a potion of brilliance
 p - a potion of invisibility
 x - a potion of haste
 D - a potion of berserk rage
 F - 2 potions of lignification {unknown}
 I - a potion of flight {unknown}
 L - 3 potions of magic {unknown}
 M - a potion of heal wounds {unknown}
 O - a potion of might {unknown}


   Skills:
 + Level 6.2 Fighting
 - Level 6.0 Dodging
 - Level 1.7 Stealth
 - Level 6.0 Spellcasting
 - Level 10.0 Conjurations
 - Level 10.0 Fire Magic
 - Level 8.0 Earth Magic


You had 3 spell levels left.
You knew the following spells:

 Your Spells              Type           Power      Damage    Failure   Level
a - Sticky Flame          Conj/Fire      59%        2d7       1%          4
b - Scorch                Fire           100%       2d10      1%          2
c - Flame Wave            Conj/Fire      59%        3d11      1%          4
d - Stone Arrow           Conj/Erth      100%       3d13      1%          3
e - Starburst             Conj/Fire      29%        6d9       4%          6

Your spell library contained the following spells:

 Spells                   Type           Power      Damage    Failure   Level
 Orb of Destruction       Conj           29%        9d11      21%         7
 Foxfire                  Conj/Fire      100%       2x1d9     1%          1
 Magic Dart               Conj           100%       1d8       1%          1
 Conjure Flame            Conj/Fire      59%        6-21      1%          3
 Inner Flame              Hex/Fire       36%        N/A       1%          3
 Mephitic Cloud           Conj/Pois/Air  27%        N/A       1%          3
 Call Imp                 Summ           8%         N/A       9%          2
 Ensorcelled Hibernation  Hex/Ice        16%        N/A       9%          2
 Sublimation of Blood     Necr           8%         N/A       9%          2
 Wereblood                Tmut           8%         N/A       9%          2
 Gell's Gravitas          Tloc           8%         N/A       19%         3
 Lesser Beckoning         Tloc           8%         N/A       19%         3
 Spider Form              Tmut/Pois      8%         N/A       19%         3
 Teleport Other           Tloc           8%         N/A       19%         3
 Tukima's Dance           Hex            8%         N/A       19%         3
 Fireball                 Conj/Fire      29%        3d13      1%          5
 Yara's Violent Unravell  Hex/Tmut       4%         3d4       38%         5
 Passage of Golubria      Tloc           8%         N/A       52%         4
 Ignition                 Fire           29%        3d9       82%         8
 Summon Hydra             Summ           4%         N/A       100%        7


Dungeon Overview and Level Annotations

Branches:
Dungeon (10/15)            Temple (0/1) D:7            Lair (0/6) D:9
    Orc (0/2) D:10        Ossuary (visited)          Bailey (visited)

Altars:
Cheibriados
Hepliaklqana
Makhleb
Qazlal
Ru
Sif Muna
Vehumet

Shops:
D:8 *


Innate Abilities, Weirdness & Mutations

Your dull iron-grey scales are very hard. (AC +12)
You are amphibious.
You cannot fit into any form of body armour.
You are cold-blooded and may be slowed by cold attacks.


Message History

Unknown command.
Unknown command.
Casting: Starburst (dangerous; 4% risk of failure)
Confirm with . or Enter, or press ? or * to list all spells.
Casting: Starburst (dangerous; 4% risk of failure)
Press: ? - help, Dir - look around, f - activate That beam is likely to hit you.
Continue anyway?
That beam is likely to hit you.
Continue anyway?
Uppercase [Y]es or [N]o only, please.
That beam is likely to hit you.
Continue anyway?
That beam is likely to hit you.
Continue anyway?
The bolt of fire misses you.
The bolt of fire misses the vampire mosquito. x2
The bolt of fire misses you.
The bolt of fire hits the vampire mosquito!!!
You destroy the vampire mosquito!
Vehumet accepts your kill.
The bolt of fire misses the vampire mosquito. x2
The bolt of fire misses you. The bolt of fire hits you!!
The fire burns you terribly!
The bolt of fire misses the vampire mosquito.
The vampire mosquito buzzes angrily.
The vampire mosquito misses you.
The vampire mosquito closely misses you.
The vampire mosquito bites you but does no damage.
Unknown command.
Casting: Starburst (dangerous; 4% risk of failure)
Confirm with . or Enter, or press ? or * to list all spells.
Casting: Starburst (dangerous; 4% risk of failure)
Press: ? - help, Dir - look around, f - activate That beam is likely to hit you.
Continue anyway?
That beam is likely to hit you.
Continue anyway?
That beam is likely to hit you.
Continue anyway?
The bolt of fire hits the vampire mosquito!!
You destroy the vampire mosquito!
Vehumet accepts your kill.
The bolt of fire misses you. x3; The bolt of fire hits you!!
The fire burns you terribly! The bolt of fire hits you!!!
The fire burns you terribly!
You die...

### ..# +##+###.#
#...y†#.#
#..y.@#.#
+##+##'.# #..#
#..#.#
..#..#+###+#..#.#
#.#..#.....#..#.#
#.+..+.._..+..'.#
#.#..#.....#..###
#.#..#'###+#..#
#.#..#.....#..####


You could see 2 vampire mosquitoes.

Vanquished Creatures
  An orc high priest (Bailey)
  A kobold demonologist (Bailey)
  Sigmund (D:3)
  A shadow (D:8)
  13 yaks
  6 wyverns
  4 steam dragons
  2 vampire mosquitoes (D:10)
  Menkaure (D:5)
  9 water moccasins
  15 orc warriors
  Duvessa (D:4)
  2 sky beasts
  2 black bears (D:5)
  4 necrophages
  4 ogres
  2 centaurs
  A phantom (D:4)
  3 kobold brigands
  A bullfrog (D:6)
  2 elf zombies (Ossuary)
  3 scorpions
  Dowan (D:4)
  2 wyvern skeletons
  2 water moccasin skeletons
  3 killer bees (D:9)
  2 howler monkeys
  9 wights
  5 electric eels (Bailey)
  8 centaur zombies
  6 hounds
  A jelly (D:5)
  2 human zombies (Ossuary)
  6 orc priests
  A bullfrog skeleton (D:6)
  2 iguanas (D:4)
  4 orc wizards
  A killer bee zombie (D:7)
  A hound skeleton (D:5)
  2 howler monkey zombies
  2 mummies (Ossuary)
  Robin (D:4)
  7 gnolls
  9 adders
  A shadow imp (D:8)
  3 white imps
  An ufetubus (D:5)
  An adder zombie (Ossuary)
  2 adder skeletons (D:4)
  3 worms
  A dart slug (D:1)
  30 orcs
  7 ball pythons
  5 endoplasms
  5 giant cockroaches
  29 goblins
  13 hobgoblins
  7 jackals
  2 quokkas
  2 bats
  3 frilled lizards
  4 hobgoblin zombies (Ossuary)
  A jackal zombie (Ossuary)
  20 kobolds
  8 kobold zombies (Ossuary)
  13 orc zombies (Ossuary)
  4 rats
  2 rat zombies (Ossuary)
323 creatures vanquished.

Vanquished Creatures (others)
  470 foxfires
  3 fungi (D:9)
  8 plants
481 creatures vanquished.

Grand Total: 804 creatures vanquished

Notes
Turn   | Place    | Note
-------+----------+-------------------------------------------
     0 | D:1      | mandarbmax the Draconian Fire Elementalist began the quest
                  | for the Orb.
     0 | D:1      | Reached XP level 1. HP: 14/14 MP: 3/3
   476 | D:1      | Reached XP level 2. HP: 20/20 MP: 3/5
   483 | D:1      | Found a faded altar of an unknown god.
   496 | D:1      | Prayed at the altar of an unknown god.
   496 | D:1      | Became a worshipper of Vehumet
   496 | D:1      | Reached * piety under Vehumet
   496 | D:1      | Offered knowledge of Shock by Vehumet.
   560 | D:1      | Learned a level 2 spell: Scorch
  1160 | D:2      | Reached XP level 3. HP: 23/26 MP: 6/6
  1586 | D:2      | Offered knowledge of Magic Dart by Vehumet.
  1587 | D:2      | Reached XP level 4. HP: 28/33 MP: 8/8
  1601 | D:2      | Learned a level 4 spell: Flame Wave
  1926 | D:3      | Reached ** piety under Vehumet
  2770 | D:3      | Found a stormy altar of Qazlal.
  2770 | D:3      | Noticed Sigmund
  2789 | D:3      | Killed Sigmund
  2790 | D:3      | Reached skill level 5 in Fire Magic
  2790 | D:3      | Reached XP level 5. HP: 16/38 MP: 2/9
  2790 | D:3      | Reached XP level 6. HP: 18/45 MP: 2/10
  3361 | D:4      | Your scales start taking on a dull iron-grey colour.
  3361 | D:4      | Reached XP level 7. HP: 50/50 MP: 6/11
  3502 | D:4      | Noticed Duvessa
  3502 | D:4      | Noticed Dowan
  3515 | D:4      | Killed Duvessa
  3515 | D:4      | Killed Dowan
  3516 | D:4      | Reached skill level 5 in Conjurations
  3673 | D:4      | Noticed Robin
  3681 | D:4      | Killed Robin
  3825 | D:4      | Offered knowledge of Stone Arrow by Vehumet.
  4199 | D:5      | Entered Level 5 of the Dungeon
  4301 | D:5      | Reached *** piety under Vehumet
  4456 | D:5      | Reached XP level 8. HP: 55/57 MP: 11/14
  4742 | D:5      | Learned a level 3 spell: Stone Arrow
  4826 | D:5      | Reached skill level 5 in Spellcasting
  5095 | D:5      | Noticed Menkaure
  5099 | D:5      | Killed Menkaure
  5128 | D:5      | Reached skill level 5 in Earth Magic
  5797 | D:6      | Found a shimmering blue altar of Sif Muna.
  5813 | D:6      | Reached XP level 9. HP: 62/62 MP: 12/18
  6109 | D:6      | Offered knowledge of Fulminant Prism by Vehumet.
  6699 | D:7      | Found a staircase to the Ecumenical Temple.
  6733 | D:7      | Found a sand-covered staircase.
  6740 | Ossuary  | Entered an ossuary
  6794 | Ossuary  | Reached **** piety under Vehumet
  6801 | Ossuary  | Offered knowledge of Airstrike by Vehumet.
  6805 | Ossuary  | Reached skill level 1 in Fighting
  8116 | D:8      | Found Piwu's Assorted Antiques.
  8120 | D:8      | Bought a dented lapis lazuli amulet for 95 gold pieces
  8136 | D:8      | Found a sacrificial altar of Ru.
  8171 | D:8      | Found a flagged portal.
  8178 | D:8      | Reached ***** piety under Vehumet
  8179 | D:8      | Reached XP level 10. HP: 74/80 MP: 16/19
  8187 | D:8      | Offered knowledge of Sticky Flame by Vehumet.
  8216 | Bailey   | Entered a bailey
  8452 | Bailey   | Reached skill level 5 in Fighting
  8501 | Bailey   | Noticed an orc high priest
  8502 | Bailey   | Found an iron altar of Okawaru.
  8508 | Bailey   | Reached skill level 5 in Dodging
  8511 | Bailey   | Killed an orc high priest
  8779 | Bailey   | Learned a level 4 spell: Sticky Flame
  8924 | Bailey   | Acquired the ring "Larghoja" {rF- rC+ Int+4 Dex+6}
  8926 | Bailey   | Acquired a scarf of shadows
  9019 | Bailey   | Acquired a book of Fire
  9054 | D:8      | Learned a level 6 spell: Starburst
  9095 | D:8      | Found a hazy altar of Hepliaklqana.
  9188 | D:8      | Found a burning altar of Makhleb.
  9188 | D:8      | Noticed a blizzard demon
  9296 | D:8      | Reached skill level 10 in Conjurations
  9604 | D:9      | Reached XP level 11. HP: 89/89 MP: 18/20
  9865 | D:9      | Offered knowledge of Orb of Destruction by Vehumet.
  9868 | D:9      | Found a staircase to the Lair.
 10251 | D:10     | Entered Level 10 of the Dungeon
 10624 | D:10     | Found a staircase to the Orcish Mines.
 10726 | D:10     | Reached skill level 10 in Fire Magic
 11017 | D:10     | Found a snail-covered altar of Cheibriados.
 11115 | D:10     | Killed themself with a bounced bolt of fire

Illustrated notes

Levels and vault maps discovered:
D:1:      minmay_arrival_glassed_features, layout_loops_cross,
          hellmonk_ecumenical_altar_run_dry
D:2:      minmay_door_path, layout_loops_ring, hangedman_decor_points
D:3:      layout_basic, mainiacjoe_overflow_catwalk, uniq_sigmund
D:4:      kennysheep_six_static_rooms, layout_rooms, uniq_duvessa, uniq_robin
D:5:      layout_loops_ring, minmay_pentangle, uniq_menkaure
D:6:      layout_basic, nicolae_sif_muna_condensation, minmay_between
D:7:      layout_basic, minmay_temple_entry_stoned_glass,
          chequers_ossuary_entry_cave, eino_tiny_chamber
D:8:      layout_gridville, mainiacjoe_overflow_chevrons,
          mainiacjoe_overflow_cross_hatched, makhleb_altar_promises_db,
          enter_bailey_5, serial_shops, nicolae_shop_overgrown_old_shop,
          kennysheep_another_room
D:9:      layout_roguey, minmay_lair_entry_grove
D:10:     layout_long_grid, mainiacjoe_overflow_24_doors, david_orc_3,
          nicolae_two_hexagons

Skill      XL: |  1  2  3  4  5  6  7  8  9 10 11 |
---------------+----------------------------------+-----
Dodging        | 2 4 6 |  6.0
Conjurations   | 2 3 4 6 8 10 | 10.0
Spellcasting   | 3 4 6 |  6.0
Fire Magic     | 5 6 10 | 10.0
Earth Magic    | 7 8 |  8.0
Fighting       | 4 6 |  6.2
Stealth        | |  1.7

Action                   |  1- 3 |  4- 6 |  7- 9 | 10-12 || total
-------------------------+-------+-------+-------+-------++-------
Melee: Unarmed           |     2 |       |       |       ||     2
       Dagger            |    37 |    12 |    39 |       ||    88
       Tailslap          |     2 |       |     5 |     9 ||    16
       Staff             |       |       |    13 |    36 ||    49
 Cast: Foxfire           |    40 |   104 |   135 |       ||   279
       Scorch            |       |     2 |    35 |     9 ||    46
       Flame Wave        |       |       |    14 |    15 ||    29
       Stone Arrow       |       |       |    38 |    89 ||   127
       Starburst         |       |       |       |     6 ||     6
       Sticky Flame      |       |       |       |     3 ||     3
  Use: Scroll            |       |       |    22 |     5 ||    27
 Stab: Sleeping          |     3 |       |       |       ||     3
Armor: Skin              |    12 |     2 |    52 |    77 ||   143
Dodge: Dodged            |    15 |     5 |    68 |    74 ||   162

Table legend: (Time is in decaauts)
 A = Elapsed time spent in this place.
 B = Non-inter-level travel time spent in this place.
 C = Inter-level travel time spent in this place.
 D = Time resting spent in this place.
 E = Time spent auto-exploring this place.
 F = Levels seen in this place.
 G = Mean time per level.
                   A        B        C        D        E       F      G
               +--------+--------+--------+--------+--------+-----+--------+
         Total |  11120 |  10839 |    281 |    583 |   8573 |  12 |  926.7 |
       Dungeon |  10037 |   9756 |    281 |    392 |   8023 |  10 | 1003.7 |
       Ossuary |    250 |    250 |      0 |     28 |    142 |   1 |  250.0 |
        Bailey |    832 |    832 |      0 |    163 |    408 |   1 |  832.0 |
               +--------+--------+--------+--------+--------+-----+--------+

Top non-repeatable levels by time:
     D:5: 1338 daAuts
     D:7: 1286 daAuts
     D:4: 1204 daAuts
     D:3: 1145 daAuts
     D:6: 1043 daAuts
     D:1: 963 daAuts
     D:2: 882 daAuts
    D:10: 867 daAuts
  Bailey: 832 daAuts
     D:9: 775 daAuts
     D:8: 528 daAuts
 Ossuary: 250 daAuts
